AoeStats
← Pepe Poppins

Arabia

508912961Analyzed
1v1 RM · 8d ago on Sep 24, 2026· 22m 2s· 2 players
Game mode
Random Map
Map size
Tiny (2 player)
Population
200
Speed
Normal
Resources
Standard
Victory
Conquest
Starting age
Dark Age
Ending age
Imperial Age
RankedLock teamsTeams togetherTeam positionsShared explorationLock speedFull tech treeHidden civsTurbo modeCheats
Victory
Defeat
433
+20
🇳🇱 Magyars · Netherlands
513
-20
PotbelliedVampireGoblin
3:42 Loom
11:40 Feudal Age
12:05 Double-Bit Axe
12:02 Horse Collar
18:53 Castle Age
18:27 Scale Barding Armor
19:17 Forging
19:17 Light Cavalry
20:34 Bloodlines
Pepe Poppins
11:38 Feudal Age
12:53 Horse Collar
13:10 Double-Bit Axe
17:09 Bloodlines
16:52 Loom
18:13 Gold Mining
Connection lost

Rejoining the realm…

Still unreachable

The connection could not be restored.

Session expired

The server has moved on; the page needs a fresh start.